 Dungeon Crawl Stone Soup version 0.21.1-1-g345015fe64 (webtiles) character file.

193 NullDivider the Charlatan (level 5, -5/27 HPs)
             Began as a Spriggan Artificer on May 10, 2018.
             Slain by an orc priest
             ... wielding a +0 mace
              (9 damage)
             ... on level 4 of the Dungeon.
             The game lasted 00:12:34 (3944 turns).

NullDivider the Charlatan (Spriggan Artificer)      Turns: 3944, Time: 00:12:34

Health: -5/27      AC:  3    Str:  8    XL:     5   Next: 44%
Magic:  9/9        EV: 19    Int: 13    God:
Gold:   207        SH:  0    Dex: 17    Spells: 4/4 levels left

rFire    . . .     SeeInvis +   a - +0 short sword
rCold    . . .     Gourm    .   (shield restricted)
rNeg     . . .     Faith    .   b - +0 robe
rPois    .         Spirit   .   (helmet restricted)
rElec    .         Reflect  .   t - +0 cloak
rCorr    .         Harm     .   (gloves unavailable)
MR       .....                  (boots unavailable)
Stlth    +++.......             (no amulet)
HPRegen  0.09/turn              (no ring)
MPRegen  0.11/turn              (no ring)

@: very quick
A: very small, unfitting armour, see invisible, herbivore, speed 3, slow
metabolism 2
a: no special abilities


You were on level 4 of the Dungeon.
You were hungry.

You visited 1 branch of the dungeon, and saw 4 of its levels.

You collected 207 gold pieces.

Inventory:

Hand Weapons
 a - a +0 short sword (weapon)
 j - a +0 hunting sling
Armour
 b - a +0 robe (worn)
 t - a +0 cloak (worn)
Jewellery
 q - a cursed amulet of inaccuracy {unknown}
 s - a +3 amulet of reflection {unknown}
 u - an uncursed ring of protection from cold {unknown}
Wands
 c - a wand of flame (11)
 d - a wand of enslavement (13)
 e - a wand of random effects (5)
 w - a wand of clouds (2)
Scrolls
 h - a scroll of enchant weapon {unknown}
 i - a scroll of amnesia {unknown}
 k - 2 scrolls of fear {unknown}
 l - 4 scrolls of remove curse {unknown}
 o - 2 scrolls of identify {unknown}
 v - a scroll of immolation {unknown}
 x - a scroll of blinking {unknown}
Potions
 g - 2 potions of flight {unknown}
 m - a potion of brilliance {unknown}
 n - 2 potions of degeneration {unknown}
 p - 3 potions of curing {unknown}
 r - a potion of berserk rage {unknown}
Comestibles
 f - 9 rations


   Skills:
 * Level 2.4 Fighting
 * Level 3.2 Short Blades
 + Level 4.1 Dodging
 + Level 3.3 Stealth
 + Level 4.8 Evocations


You had 4 spell levels left.
You didn't know any spells.

Dungeon Overview and Level Annotations

Branches:
Dungeon (4/15)
 Temple: D:4-7

Altars:
Cheibriados
Vehumet
Xom
The Shining One

Annotations:
D:3 Mrkan's ghost, amateur TrMo


Innate Abilities, Weirdness & Mutations

You are very small and have problems with some larger weapons.
You are too small for most types of armour.
You have supernaturally acute eyesight. (SInv)
You are a herbivore.
You cover ground extremely quickly.
You need consume almost no food.


Message History

The orc priest hits you with a mace!
Your scorpion stings the orc priest but does no damage.
You barely miss the orc priest.
The orc priest invokes the aid of Beogh against you.
Pain shoots through your body!
Your scorpion closely misses the orc priest.
You are too injured to fight recklessly!
You are too injured to fight recklessly!
You are too injured to fight recklessly!
You hit the orc priest.
The orc priest is lightly wounded.
The orc priest hits you with a mace!
* * * LOW HITPOINT WARNING * * *
Evoke which item? (* to show all) (? for menu, Esc to quit)
Aiming: Enslavement
Press: ? - help, Shift-Dir - straight line, f/p - orc priest
Aim: an orc priest, wielding a mace and wearing a chain mail (lightly wounded, chance to defeat MR: 60%)
The orc priest resists with significant effort.
Your scorpion stings the orc priest.
The orc priest hits you with a mace!
You die...

#.......# #..............#
#.......# #........$.#.#.
#(......#########...............
#..........................#.###
#.......########...........# #
#...(...########...(s....).# #
#...............s..o(......#.###
####>##........o#.######........
#.##........@#.# #...#.###
#.##.........#.# ##.........#
#.##.........#.##..o.........
#.##......†..#...o.l.s....###
####.........#.##o###...#.#
###.......#.##.# #.....#
#....<..#..... .......
####.##.### .#####.#.#.
#...).#.# .#


You could see an orc priest and a friendly scorpion.

Vanquished Creatures
  An orc wizard (D:3)
  6 adders
  3 gnolls (D:3)
  An ooze (D:1)
  A worm (D:4)
  2 dart slugs (D:1)
  3 leopard geckos
  3 orcs
  2 ball pythons
  5 giant cockroaches
  3 goblins (D:1)
  9 hobgoblins
  5 jackals (D:2)
  8 kobolds
  2 quokkas (D:3)
  8 bats
  5 frilled lizards
  3 rats
70 creatures vanquished.

Vanquished Creatures (others)
  5 dream sheep (D:3)
5 creatures vanquished.

Grand Total: 75 creatures vanquished

Notes
Turn   | Place    | Note
-------+----------+-------------------------------------------
     0 | D:1      | NullDivider the Spriggan Artificer began the quest for the Orb.
     0 | D:1      | Reached XP level 1. HP: 9/9 MP: 4/4
     3 | D:1      | Noticed a black mamba
     6 | D:1      | Noticed an elephant
    57 | D:1      | Reached skill level 1 in Fighting
    67 | D:1      | Reached XP level 2. HP: 14/14 MP: 6/6
   737 | D:1      | Reached XP level 3. HP: 18/18 MP: 7/7
  1481 | D:2      | Found a radiant altar of Vehumet.
  1481 | D:2      | Found a glowing golden altar of the Shining One.
  1488 | D:2      | Found a snail-covered altar of Cheibriados.
  1490 | D:2      | Found a faded altar of an unknown god.
  1491 | D:2      | Found a shimmering altar of Xom.
  1856 | D:3      | Reached XP level 4. HP: 21/23 MP: 8/8
  2071 | D:3      | Noticed Mrkan's ghost (amateur TrMo)
  2300 | D:3      | Noticed a dream sheep
  2300 | D:3      | Noticed a dream sheep
  2300 | D:3      | Noticed a dream sheep
  2300 | D:3      | Noticed a dream sheep
  2300 | D:3      | Noticed a dream sheep
  2300 | D:3      | Found a shimmering altar of Xom.
  2306 | D:3      | Killed a dream sheep
  2306 | D:3      | Killed a dream sheep
  2306 | D:3      | Killed a dream sheep
  2306 | D:3      | Killed a dream sheep
  2312 | D:3      | Killed a dream sheep
  2843 | D:3      | Reached XP level 5. HP: 9/26 MP: 9/9
  3344 | D:4      | Noticed a phantom
  3944 | D:4      | Slain by an orc priest

Skill      XL: |  1  2  3  4  5 |
---------------+----------------+-----
Fighting       | 1 2 |  2.4
Stealth        | 2 3 |  3.3
Short Blades   | 2 3 |  3.2
Dodging        | 4 |  4.1
Evocations     | |  4.8

Action                   |  1- 3 |  4- 6 || total
-------------------------+-------+-------++-------
Melee: Short sword       |   117 |   150 ||   267
Evoke: Wand              |     4 |    12 ||    16
 Stab: Sleeping          |    10 |     4 ||    14
       Paralysed         |     2 |     1 ||     3
       Distracted        |     1 |     1 ||     2
Armor: Robe              |     6 |    11 ||    17
Dodge: Dodged            |    82 |   118 ||   200
